 Dungeon Crawl Stone Soup version 0.25-a0-424-g80bd347ae0 (webtiles) character file.

Game seed: 15658450552852345126, levelgen mode: deterministic

13 Araneus the Skirmisher (level 2, 0/28 HPs)
             Began as a Naga Fighter on Jan 20, 2020.
             Slain by a gnoll
             ... wielding a +0 halberd
              (5 damage)
             ... on level 1 of the Dungeon.
             The game lasted 00:01:17 (622 turns).

Araneus the Skirmisher (Naga Fighter)                Turns: 622, Time: 00:01:17

Health: 0/28       AC:  5    Str: 18    XL:     2   Next: 37%
Magic:  2/2        EV:  5    Int:  8    God:
Gold:   24         SH:  8    Dex: 10    Spells: 1/1 levels left

rFire    . . .     SeeInvis +   a - +0 trident
rCold    . . .     Gourm    .   c - +0 shield
rNeg     . . .     Faith    .   b - +0 scale mail
rPois    +         Spirit   .   (no helmet)
rElec    .         Reflect  .   (no cloak)
rCorr    .         Harm     .   j - +0 pair of gloves
MR       .....                  (no barding)
Stlth    ..........             (no amulet)
HPRegen  0.09/turn              (no ring)
MPRegen  0.08/turn              (no ring)

@: very slow
A: large, see invisible, deformed body, poison resistance, slowness 2, slow
metabolism 1, spit poison 1, AC +0
a: Spit Poison


You were on level 1 of the Dungeon.
You were not hungry.

You visited 1 branch of the dungeon, and saw 1 of its levels.

You collected 24 gold pieces.

Inventory:

Hand Weapons
 a - a +0 trident (weapon)
Armour
 b - a +0 scale mail (worn)
 c - a +0 shield (worn)
 j - a +0 pair of gloves (worn)
Scrolls
 e - 3 scrolls of identify {unknown}
 g - a scroll of blinking {unknown}
Potions
 d - a potion of might
 h - 2 potions of curing {unknown}
 i - a potion of agility {unknown}
Comestibles
 f - 2 rations
 k - 2 chunks of flesh


   Skills:
 - Level 3.0 Fighting
 + Level 3.0 Polearms
 - Level 2.4 Armour
 - Level 2.4 Shields


You had one spell level left.
You didn't know any spells.
Your spell library was empty.

Dungeon Overview and Level Annotations

Branches:
Dungeon (1/15)

Altars:


Innate Abilities, Weirdness & Mutations

You cannot wear boots.
Your serpentine skin is tough. (AC +0)
You have supernaturally acute eyesight. (SInv)
Armour fits poorly on your strangely shaped body.
Your system is resistant to poisons. (rPois)
You cover ground very slowly.
You have a slow metabolism.
You can spit poison.


Message History

You throw a curare-tipped dart.
The curare-tipped dart closely misses the hobgoblin.
The hobgoblin hits you but does no damage.
Throwing (i - inventory)
l - 2 curare-tipped darts (quivered)
Press: ? - help, Shift-Dir - straight line, f/p - hobgoblin
Aim: a hobgoblin, wielding a +0 spear and wearing a +0 ring mail You throw a curare-tipped dart.
The curare-tipped dart barely misses the hobgoblin.
The hobgoblin hits you from afar with a +0 spear.
* * * LOW HITPOINT WARNING * * *
Throwing (i - inventory)
l - a curare-tipped dart (quivered)
Press: ? - help, Shift-Dir - straight line, f/p - hobgoblin
Aim: a hobgoblin, wielding a +0 spear and wearing a +0 ring mail You throw a curare-tipped dart.
The curare-tipped dart hits the hobgoblin.
The hobgoblin is poisoned.
The hobgoblin convulses.
You kill the hobgoblin!
Your Polearms skill increases to level 3!
The gnoll hits you from afar with a +0 halberd.
You die...

#........# ####
#†.###.#.# ...#
#..###.#.#### #.. #
#............ #.# .?.
#.....##.###.##.##....#
##>#####.###...ggw.#
##.......÷.##)###....#
##########..#.g.##.#.#
.### ##...##@# # ...#
#..##...# .#.#
#..#?#.## ##.# #..#.##.
#.# #... # #.# #....
#.# ##### #.# #.#


You could see a gnoll.

Vanquished Creatures
  A dart slug (D:1)
  3 bats (D:1)
  2 goblins (D:1)
  2 hobgoblins (D:1)
  2 kobolds (D:1)
10 creatures vanquished.

Notes
Turn   | Place    | Note
-------+----------+-------------------------------------------
     0 | D:1      | Araneus the Naga Fighter began the quest for the Orb.
     0 | D:1      | Reached XP level 1. HP: 21/21 MP: 1/1
   510 | D:1      | Reached XP level 2. HP: 28/28 MP: 2/2
   622 | D:1      | Slain by a gnoll

Levels and vault maps discovered:
D:1:      dpeg_arrival_connections, layout_loops_cross, minmay_pentomino_s4

Skill      XL: |  1  2 |
---------------+-------+-----
Polearms       | 3 |  3.0
Fighting       | |  3.0
Armour         | |  2.4
Shields        | |  2.4

Action                   || total
-------------------------++-------
Melee: Trident           ||    39
Throw: Dart              ||     3
Armor: Scale mail        ||    14
Dodge: Dodged            ||     9
Block: Shield            ||    13

Table legend:
 A = Non-vault XP
 B = Vault XP
 C = Vault XP percentage of total XP
 D = Non-vault monster count
 E = Vault monster count
 F = Vault count percentage of total count
                 A         B        C        D         E       F
            +---------+---------+-------+---------+---------+-------
      Total |      16 |       3 |  15.8 |       8 |       2 |  20.0
            +---------+---------+-------+---------+---------+-------
        D:1 |      16 |       3 |  15.8 |       8 |       2 |  20.0
            +---------+---------+-------+---------+---------+-------
